 Dungeon Crawl Stone Soup version 0.19.4 (webtiles) character file.

66 Jerry the Shield-Bearer (level 4, 4/35 HPs)
             Began as a Formicid Fighter on Feb 2, 2017.
             Quit the game on level 4 of the Dungeon.
             The game lasted 00:03:32 (1984 turns).

Jerry the Shield-Bearer (Formicid Fighter)          Turns: 1984, Time: 00:03:33

Health: 4/35       AC:  7    Str: 22    XL:     4   Next: 37%
Magic:  4/4        EV:  8    Int:  7    God:
Gold:   163        SH:  9    Dex: 10    Spells: 0 memorised, 3 levels left

rFire  . . .     SeeInvis +     a - +0 flail
rCold  . . .     Gourm    .     b - +0 scale mail
rNeg   . . .     Faith    .     c - +0 shield
rPois  .         Spirit   .     (helmet unavailable)
rElec  .         Reflect  .     (no cloak)
rCorr  .         Harm     .     (no gloves)
MR     .....                    (no boots)
Stlth  ..........               (no amulet)
                                (no ring)
                                (no ring)

@: no status effects
A: permanent stasis, dig shafts and tunnels, four strong arms, antennae 3
a: Dig, Shaft Self


You were on level 4 of the Dungeon.
You were hungry.

You visited 1 branch of the dungeon, and saw 5 of its levels.

You collected 163 gold pieces.

Inventory:

Hand Weapons
 a - a +0 flail (weapon)
Armour
 b - a +0 scale mail (worn)
 c - a +0 shield (worn)
Scrolls
 i - a scroll of remove curse {unknown}
 j - 2 scrolls of identify {unknown}
 k - a scroll of enchant armour {unknown}
 l - a scroll of immolation {unknown}
 m - a scroll of teleportation {unknown}
 o - 2 scrolls of recharging {unknown}
Potions
 d - 2 potions of might
 e - 2 potions of agility {unknown}
 h - 6 potions of curing {unknown}
 r - a potion of magic {unknown}
Comestibles
 f - a bread ration
 n - 2 beef jerkies
 q - 2 slices of pizza


   Skills:
 - Level 3.2 Fighting
 + Level 3.2 Maces & Flails
 + Level 3.9 Armour
 + Level 4.3 Shields


You had 3 spell levels left.
You didn't know any spells.

Dungeon Overview and Level Annotations

Branches:
Dungeon (5/15)
 Temple: D:4-7

Altars:

Annotations:
D:4 Eustachio, Sigmund


Innate Abilities, Weirdness & Mutations

You are under a permanent stasis effect.
You can dig through walls and to a lower floor.
Your four strong arms can wield two-handed weapons with a shield.
You have a pair of large antennae on your head. (SInv)


Message History

You closely miss the orc priest. You block the river rat's attack.
Eustachio casts a spell.
Eustachio blinks!
You block the orc's attack.
The orc priest hits you but does no damage.
The orc hits you with a mace. The river rat bites you.
You hit the orc priest but do no damage.
You block the orc's attack. You block the orc priest's attack.
The orc completely misses you. The river rat barely misses you.
The orc misses you. The orc hits you with a club.
You hit the orc priest.
The orc priest is moderately wounded.
The orc priest invokes the aid of Beogh against you.
Pain shoots through your body!
* * * LOW HITPOINT WARNING * * *
You block the orc's attack. The river rat closely misses you.
The orc hits you with a mace.
* * * LOW HITPOINT WARNING * * *
The orc closely misses you. The orc priest hits you.
* * * LOW HITPOINT WARNING * * *
Are you sure you want to abandon this character and quit the game? (Confirm with "yes".)

#........#..$....
#........#.......
#@..(....#.......
#........##.##...
#...5....##.# ...
#r5......##.# ...
##S5......# .# #
#roZr.....#
#@oos.....#
#oo..######
#o...# #....#
#....# #....#
#....# #....#


You could see Eustachio, an iron imp, an orc priest, a crimson imp, a river rat,
a white imp, 5 orcs, a giant cockroach, a ball python, 2 rats and a hound
skeleton.

Vanquished Creatures
  An adder (D:2)
  An ooze (D:1)
  A worm (D:1)
  3 dart slugs
  A leopard gecko (D:1)
  An orc (D:3)
  2 giant cockroaches
  8 goblins
  5 hobgoblins
  A kobold (D:1)
  A quokka (D:2)
  7 bats
  A frilled lizard (D:3)
  6 rats
39 creatures vanquished.

Notes
Turn   | Place    | Note
-------+----------+-------------------------------------------
     0 | D:1      | Jerry the Formicid Fighter began the quest for the Orb.
     0 | D:1      | Reached XP level 1. HP: 18/18 MP: 1/1
   123 | D:1      | Reached XP level 2. HP: 24/24 MP: 2/2
   558 | D:1      | Reached XP level 3. HP: 29/29 MP: 3/3
  1158 | D:2      | Reached skill level 4 in Shields
  1487 | D:2      | Reached XP level 4. HP: 30/35 MP: 4/4
  1631 | D:4      | Noticed Sigmund
  1659 | D:5      | Entered Level 5 of the Dungeon
  1932 | D:5      | Noticed an ice beast
  1964 | D:4      | Noticed Eustachio
  1984 | D:4      | Quit the game

Skill      XL: |  1  2  3 |
---------------+----------+-----
Maces & Flails | 3 |  3.2
Shields        | 4 |  4.3
Fighting       | |  3.2
Armour         | |  3.9

Action                   |  1- 3 |  4- 6 || total
-------------------------+-------+-------++-------
Melee: Flail             |   124 |    23 ||   147
  Eat: Chunk             |     2 |     1 ||     3
Armor: Scale mail        |    60 |    21 ||    81
Dodge: Dodged            |    38 |    24 ||    62
Block: Shield            |    73 |    26 ||    99
